 Dungeon Crawl Stone Soup version 0.31.0-4-g52a2dc7128 (webtiles) character file.

Game seed: 2351256554745248839

50 zenocrate the Sneak (level 3, -2/16 HPs)
             Began as a Vine Stalker Enchanter on Jan 23, 2024.
             Slain by an iguana (8 damage)
             ... on level 3 of the Dungeon.
             The game lasted 00:02:29 (1791 turns).

zenocrate the Sneak (Vine Stalker Enchanter)        Turns: 1791, Time: 00:02:30

Health: -2/16      AC:  2    Str: 10    XL:     3   Next: 79%
Magic:  0/7        EV: 12    Int: 15    God:
Gold:   107        SH:  0    Dex: 16    Spells: 1/6 levels left

rFire   . . .        a - +1 dagger
rCold   . . .        (no shield)
rNeg    . . .        b - +0 robe
rPois   .            (no helmet)
rElec   .            (no cloak)
rCorr   .            (no gloves)
SInv    .            (no boots)
Will    .....        (no amulet)
Stlth   +++          (no ring)
HPRegen 1.02/turn    (no ring)
MPRegen 0.10/turn

%: guardian spirit
@: no status effects
A: fangs 2, regeneration 1, magic shield, antimagic bite, no potion heal 2
a: no special abilities


You were on level 3 of the Dungeon.
You visited 1 branch of the dungeon, and saw 3 of its levels.

You collected 107 gold pieces.

Inventory:

Hand Weapons
 a - a +1 dagger (weapon)
Missiles
 e - 2 curare-tipped darts (quivered)
 n - 3 atropa-tipped darts
Armour
 b - a +0 robe (worn)
Jewellery
 o - a ring of poison resistance
Scrolls
 g - a scroll of amnesia {unknown}
 h - 2 scrolls of teleportation
 i - a scroll of poison {unknown}
 k - 2 scrolls of noise {unknown}
 l - 2 scrolls of identify {unknown}
Potions
 c - 2 potions of invisibility
 d - a potion of resistance {unknown}
 f - a potion of curing {unknown}
 j - a potion of heal wounds {unknown}
 m - 2 potions of magic {unknown}


   Skills:
 + Level 1.4 Short Blades
 + Level 0.5 Armour
 + Level 2.0 Dodging
 + Level 4.1 Stealth
 - Level 2.1 Spellcasting
 + Level 3.3 Hexes
 + Level 1.0 Ice Magic


You had one spell level left.
You knew the following spells:

 Your Spells              Type           Power      Damage    Failure   Level
a - Ensorcelled Hibernat  Hex/Ice        16%        N/A       14%         2
b - Confusing Touch       Hex            11%        N/A       17%         3

Your spell library contained the following spells:

 Spells                   Type           Power      Damage    Failure   Level
 Tukima's Dance           Hex            11%        N/A       17%         3
 Cigotuvi's Dreadful Rot  Necr/Alch/Air  2%         N/A       32%         2
 Dazzling Flash           Conj/Hex       12%        N/A       32%         3
 Dispel Undead            Necr           1%         3d6       91%         4
 Martyr's Knell           Necr/Summ      1%         N/A       91%         4
 Death Channel            Necr           0%         N/A       100%        6


Dungeon Overview and Level Annotations

Branches:
Dungeon (3/15)

Altars:

Shops:
D:1 ?


Innate Abilities, Weirdness & Mutations

You have extremely sharp teeth.
Your natural rate of healing is unusually fast.
When hurt, damage is shared between your health and your magic reserves.
Your bite disrupts and absorbs the magic of your enemies.
Potions cannot restore your health.


Message History

An iguana is nearby!
The iguana hisses angrily.
There is an open door here.
An iguana is nearby!
The iguana closely misses you.
Casting: Ensorcelled Hibernation (safe; 14% risk of failure)
Confirm with . or Enter, or press ? or * to list all spells.
Aiming: Ensorcelled Hibernation (safe; 14% risk of failure)
Press: ? - help, Shift-Dir - straight line, f - iguana
Aim: an iguana (chance to affect: 50%)
The iguana resists with some effort.
The iguana bites you!
Ouch! That really hurt!
You hit the iguana.
The iguana is lightly wounded.
An iguana is nearby!
You are too injured to fight recklessly!
Casting: Ensorcelled Hibernation (safe; 14% risk of failure)
Confirm with . or Enter, or press ? or * to list all spells.
You don't have enough magic to cast this spell.
Unknown command.
You barely miss the iguana. Your bite misses the iguana.
The iguana is lightly wounded.
The iguana closely misses you.
Unknown command.
Unknown command.
You hit the iguana. Your bite misses the iguana.
The iguana is lightly wounded.
The iguana closely misses you.
Unknown command.
Unknown command.
You hit the iguana but do no damage.
The iguana is lightly wounded.
The iguana bites you.
Unknown command.
Unknown command.
You closely miss the iguana.
The iguana is lightly wounded.
The iguana bites you!
Ouch! That really hurt!
You die...

. .. ####.# ..!..#
#### ##....>#
#...#####......#
...#...'@.....#
#.#)###.l....#
#...# #......#
#...# #......# #
#...# #......#.#
#.#.# #......#.###
#.#.#
#............#
#.#.#####+##.#.#...
..#.....#.#........
.#


You could see an iguana.

Vanquished Creatures
  An adder (D:2)
  2 dart slugs
  An endoplasm (D:2)
  A giant cockroach (D:1)
  4 goblins
  6 hobgoblins
  3 jackals (D:2)
  4 kobolds
  2 ball pythons
  5 bats
  4 frilled lizards
  3 rats
36 creatures vanquished.

Notes
Turn   | Place    | Note
-------+----------+-------------------------------------------
     0 | D:1      | zenocrate the Vine Stalker Enchanter began the quest for
                  | the Orb.
     0 | D:1      | Reached XP level 1. HP: 9/9 MP: 4/4
     5 | D:1      | You fall into a shaft and drop 1 floor!
   155 | D:1      | Reached skill level 1 in Short Blades
   235 | D:1      | Reached XP level 2. HP: 13/13 MP: 6/6
   238 | D:1      | Learned a level 2 spell: Ensorcelled Hibernation
   587 | D:1      | Reached skill level 4 in Stealth
   622 | D:1      | Found Xoidiom's Magic Scroll Shoppe.
   635 | D:1      | Reached XP level 3. HP: 16/16 MP: 7/7
   639 | D:1      | Learned a level 3 spell: Confusing Touch
  1110 | D:2      | Found a faded altar of an unknown god.
  1551 | D:2      | Reached skill level 1 in Ice Magic
  1791 | D:3      | Slain by an iguana

Illustrated notes

Levels and vault maps discovered:
D:1:      minmay_arrival_shattered_statue, layout_loops_ring, serial_shops,
          shop, amcnicky_mini_rare_corridor_liquid, minmay_distorted
D:2:      layout_basic, chequers_ecumenical_altar_simple, minmay_between
D:3:      layout_basic, lemuel_coloured_pillars_altar, uniq_robin

Skill      XL: |  1  2  3 |
---------------+----------+-----
Short Blades   | 1 |  1.4
Stealth        | 4 |  4.1
Dodging        | 2 |  2.0
Ice Magic      | 1 |  1.0
Armour         | |  0.5
Spellcasting   | |  2.1
Hexes          | |  3.3

Action                     || total
---------------------------++-------
  Melee: Dagger            ||    73
         Bite              ||    17
   Cast: Ensorcelled Hiber ||    11
    Use: Scroll            ||     1
   Stab: Sleeping          ||    18
 Armour: Robe              ||    31
  Dodge: Dodged            ||    42
